 Dungeon Crawl Stone Soup version 0.20.1-1-g8b1a95d (webtiles) character file.

1196 Timinator the Martial Artist (level 8, 0/90 HPs)
             Began as a Vampire Monk on Sept 8, 2017.
             Succumbed to a hornet's poison
             ... on level 5 of the Dungeon.
             The game lasted 00:52:17 (3273 turns).

Timinator the Martial Artist (Vampire Monk)         Turns: 3273, Time: 00:52:17

Health: 0/90       AC:  8    Str: 15    XL:     8   Next: 20%
Magic:  8/10       EV: 13    Int: 12    God:
Gold:   268        SH:  4    Dex: 19    Spells: 9/10 levels left

rFire    . . .     SeeInvis +     - Unarmed
rCold    . . .     Gourm    .   (no shield)
rNeg     + . .     Faith    .   q - +0 ring mail
rPois    .         Spirit   .   (helmet restricted)
rElec    .         Reflect  .   (no cloak)
rCorr    .         Harm     .   h - +0 pair of gloves
MR       .....                  j - +0 pair of boots
Stlth    ..........             (no amulet)
Regen    0.3/turn               (no ring)
MPRegen  0.2/turn               (no ring)

@: berserking (expiring), lethally poisoned (0 -> -2), very slightly
contaminated, slowed
A: antennae 1, fangs 3, large bone plates 1, see invisible, blink, unbreathing
a: Bat Form, Blink


You were on level 5 of the Dungeon.
You were not thirsty.

You visited 1 branch of the dungeon, and saw 5 of its levels.

You collected 268 gold pieces.

Inventory:

Missiles
 g - 4 tomahawks (quivered)
Armour
 h - a +0 pair of gloves (worn)
 j - a +0 pair of boots (worn)
 q - a +0 ring mail (worn)
Wands
 e - a wand of enslavement (16/24)
 r - a wand of paralysis (17/24)
 t - a wand of confusion (14/48)
Scrolls
 c - 2 scrolls of amnesia
 d - a scroll of fear {unknown}
 f - 2 scrolls of remove curse {unknown}
 m - 3 scrolls of identify
 n - a scroll of teleportation {unknown}
 s - a scroll of fog {unknown}
 v - a scroll of immolation {unknown}
Potions
 b - 12 potions of blood
 i - a potion of berserk rage
 l - a potion of ambrosia {unknown}
 o - a potion of haste {unknown}
 p - a potion of flight {unknown}
 u - a potion of cancellation {unknown}
Books
 a - a book of Misfortune

   Spells                             Type                      Level
   a - Confusing Touch                Hexes                        1
   b - Confuse                        Hexes                        3
   c - Gell's Gravitas                Translocation                3
   d - Petrify                        Transmutation/Earth          4
   e - Metabolic Englaciation         Hexes/Ice                    5
   f - Yara's Violent Unravelling     Hexes/Transmutation          5


   Skills:
 * Level 4.2 Fighting
 - Level 0.2 Throwing
 - Level 3.3 Armour
 * Level 4.1 Dodging
 - Level 3.0 Stealth
 + Level 8.2 Unarmed Combat
 * Level 1.8 Spellcasting
 * Level 3.0 Hexes


You had 9 spell levels left.
You knew the following spells:

 Your Spells              Type           Power        Failure   Level  Hunger
a - Confusing Touch       Hex            #.....       16%         1    ##.....


Dungeon Overview and Level Annotations

Branches:
Dungeon (5/15)
 Temple: D:4-7

Altars:
Cheibriados
Fedhas
Qazlal
Xom

Annotations:
D:3 exclusion: oklob plant


Innate Abilities, Weirdness & Mutations

You have razor-sharp teeth.
You have supernaturally acute eyesight. (SInv)
You can survive without breathing.
You have a pair of small antennae on your head.
You are partially covered in large bone plates. (SH +4)
You can translocate small distances at will.


Message History

The hornet stings you!
* * * LOW HITPOINT WARNING * * *
You feel as though you will be slow longer.
You can move again.
You punch the hornet!
The hornet is severely wounded.
You feel sick. The hornet stings you.
* * * LOW HITPOINT WARNING * * *
You feel as though you will be slow longer.
The hornet closely misses you.
You are too berserk!
You punch the hornet!
The hornet is almost dead.
The hornet misses you.
You hit the hornet.
You kill the hornet!
Your Dodging skill increases to level 4!
Your Hexes skill increases to level 3!
You have reached level 8!
You die...

#............##..
#.#............##..
#.#............##..
#.#............##..
#.#...........###.#
#.#...........# #.#
#.#...........# #.#
#.##..........###..
#.@†...............
###################


There were no monsters in sight!

Vanquished Creatures
  A hornet (D:5)
  A hippogriff (D:3)
  An ogre (D:4)
  A bullfrog (D:3)
  A scorpion (D:4)
  4 wights (D:3)
  A howler monkey (D:4)
  3 hounds
  2 orc priests (D:3)
  A jelly (D:5)
  An orc wizard (D:3)
  3 worker ants
  5 adders
  An adder skeleton (D:4)
  3 dart slugs
  5 leopard geckos
  2 orcs
  9 bats
  6 giant cockroaches
  12 goblins
  6 hobgoblins
  5 jackals (D:1)
  3 quokkas
  A ball python (D:4)
  3 frilled lizards
  4 kobolds
  A leopard gecko skeleton (D:5)
  3 rats
89 creatures vanquished.

Notes
Turn   | Place    | Note
-------+----------+-------------------------------------------
     0 | D:1      | Timinator the Vampire Monk began the quest for the Orb.
     0 | D:1      | Reached XP level 1. HP: 17/17 MP: 1/1
   223 | D:1      | Reached XP level 2. HP: 21/23 MP: 2/2
   515 | D:1      | Reached XP level 3. HP: 29/29 MP: 3/3
   624 | D:2      | Found a shimmering altar of Xom.
   626 | D:2      | Found a snail-covered altar of Cheibriados.
   654 | D:2      | Found a stormy altar of Qazlal.
   704 | D:2      | Reached skill level 1 in Armour
   775 | D:2      | Reached skill level 4 in Unarmed Combat
  1054 | D:2      | Reached XP level 4. HP: 34/35 MP: 4/4
  1288 | D:3      | Noticed a bullfrog
  1304 | D:3      | Killed a bullfrog
  1304 | D:3      | Reached skill level 5 in Unarmed Combat
  1304 | D:3      | Reached XP level 5. HP: 25/41 MP: 5/5
  1492 | D:3      | Found a blossoming altar of Fedhas.
  1503 | D:3      | Noticed an oklob plant
  1666 | D:3      | Noticed a hippogriff
  1695 | D:3      | Gained mutation: You are partially covered in large bone plates. (SH +4) [potion of mutation]
  1695 | D:3      | Gained mutation: You have a pair of small antennae on your head. [potion of mutation]
  1695 | D:3      | Gained mutation: You can translocate small distances at will. [potion of mutation]
  1705 | D:3      | Killed a hippogriff
  1705 | D:3      | Reached skill level 6 in Unarmed Combat
  1705 | D:3      | Reached XP level 6. HP: 35/48 MP: 6/6
  1794 | D:3      | Reached skill level 7 in Unarmed Combat
  1794 | D:3      | Reached XP level 7. HP: 20/53 MP: 7/7
  2119 | D:3      | Learned a level 1 spell: Confusing Touch
  2737 | D:4      | Reached skill level 1 in Hexes
  2999 | D:4      | Reached skill level 1 in Spellcasting
  3074 | D:5      | Entered Level 5 of the Dungeon
  3141 | D:5      | Found a snail-covered altar of Cheibriados.
  3243 | D:5      | Noticed a hornet
  3257 | D:5      | Reached skill level 8 in Unarmed Combat
  3269 | D:5      | Paralysed by a hornet for 1 turns
  3271 | D:5      | HP: 1/81 [hornet (5)]
  3273 | D:5      | Killed a hornet
  3273 | D:5      | Reached XP level 8. HP: 1/60 MP: 8/10
  3273 | D:5      | Succumbed to a hornet's poison

Skill      XL: |  1  2  3  4  5  6  7 |
---------------+----------------------+-----
Fighting       | 3 4 |  4.2
Armour         | 1 2 3 |  3.3
Unarmed Combat | 4 5 6 7 8 |  8.2
Hexes          | 3 |  3.0
Spellcasting   | 1 |  1.8
Dodging        | 4 |  4.1
Throwing       | |  0.2
Stealth        | |  3.0

Action                   |  1- 3 |  4- 6 |  7- 9 || total
-------------------------+-------+-------+-------++-------
Melee: Unarmed           |   117 |   115 |   102 ||   334
       Bite              |     9 |     9 |    10 ||    28
       Punch             |     2 |     2 |     5 ||     9
Throw: Javelin           |       |     6 |    12 ||    18
 Cast: Confusing Touch   |       |       |     2 ||     2
 Abil: Blink             |       |     1 |       ||     1
  Use: Potion            |       |     3 |     7 ||    10
       Scroll            |       |       |     2 ||     2
 Stab: Sleeping          |     8 |     3 |     4 ||    15
       Confused          |       |       |     3 ||     3
  Eat: Corpse            |     6 |     4 |     1 ||    11
Armor: Robe              |    32 |    13 |       ||    45
       Ring mail         |       |    15 |    24 ||    39
       Skin              |       |     5 |       ||     5
Dodge: Dodged            |    78 |    67 |    51 ||   196
Block: Other             |       |     2 |     9 ||    11
